 Dungeon Crawl Stone Soup version 0.17.1-3-g152610e (console) character file.

207153 brucemayne the Executioner (level 17, -8/196 HPs)
             Began as a Demonspawn Berserker on Mar 1, 2016.
             Was the Champion of Trog.
             Mangled by a deep troll shaman (10 damage)
             ... led by an ironheart preserver
             ... on level 4 of the Vaults on Mar 2, 2016.
             The game lasted 01:45:50 (16825 turns).

brucemayne the Executioner (Demonspawn Berserker)  Turns: 16825, Time: 01:45:50

Health: -8/196     AC: 28    Str: 24    XL:     17   Next: 60%
Magic:  0/18       EV: 11    Int:  8    God:    Trog [******]
Gold:   989        SH:  0    Dex: 17    Spells: 0 memorised, 16 levels left

rFire  + . .     SeeInvis .     a - +7 battleaxe (elec)
rCold  . . .     Clarity  .     p - +4 plate armour
rNeg   . . .     SustAt   .     (shield currently unavailable)
rPois  +         Gourm    .     J - +2 hat
rElec  .         Spirit   +     n - +1 cloak {rPois}
rCorr  .         Warding  .     f - +0 pair of gloves
rMut   .         Stasis   .     x - +0 pair of boots
MR     +....                    H - amulet of faith
Stlth  ..........               I - ring of the Three Ships {Dex-2 Slay+4 Stlth-}
                                t - ring of protection from fire

@: berserking, very quick, somewhat resistant to hostile enchantments, extremely
unstealthy
A: talons 2, yellow scales 2, high mp 1, spiny 2, wild magic 1, magic shield,
magic regeneration
a: Berserk, Trog's Hand, Brothers in Arms, Burn Spellbooks, Renounce Religion
}: 2/15 runes: barnacled, gossamer


You were on level 4 of the Vaults.
You worshipped Trog.
Trog was exalted by your worship.
You were not hungry.

You visited 6 branches of the dungeon, and saw 39 of its levels.
You also visited: Labyrinth and Volcano.

You collected 2463 gold pieces.
You spent 1474 gold pieces at shops.

Inventory:

Hand Weapons
 a - a +7 battleaxe of electrocution (weapon)
 e - a +3 executioner's axe of electrocution
 u - a +0 blowgun
 y - a +6 antimagic battleaxe
Missiles
 m - 2 throwing nets (quivered)
Armour
 f - a +0 pair of gloves (worn)
 n - a +1 cloak of poison resistance (worn)
 p - a +4 plate armour (worn)
 x - a +0 pair of boots (worn)
 J - a +2 hat (worn)
Jewellery
 s - an uncursed ring of sustain attributes
 t - a ring of protection from fire (left hand)
 A - an uncursed ring of see invisible
 H - an amulet of faith (around neck)
 I - the ring of the Three Ships (right hand) {Dex-2 Slay+4 Stlth-}
   (You bought it in a shop on level 4 of the Orcish Mines)

   [ring of loudness]

   It affects your dexterity (-2).
   It affects your accuracy and damage with ranged weapons and melee attacks
   (+4).
   It makes you less stealthy.
 R - a cursed amulet of inaccuracy {unknown}
Wands
 b - a wand of confusion (19)
 h - a wand of draining (8)
 j - a wand of heal wounds (7)
 l - a wand of heal wounds (3)
 M - a wand of teleportation (5)
Scrolls
 v - 2 scrolls of silence
 E - 2 scrolls of enchant armour
 F - 2 scrolls of fog
 U - 2 scrolls of blinking
 W - 6 scrolls of remove curse
 X - 7 scrolls of teleportation
 Y - 2 scrolls of summoning
Potions
 d - a potion of experience {unknown}
 g - 5 potions of curing
 i - a potion of flight
 k - 3 potions of magic
 q - 3 potions of might {unknown}
 r - a potion of cure mutation {unknown}
 w - 2 potions of berserk rage {unknown}
 z - 5 potions of agility {unknown}
 G - 2 potions of invisibility {unknown}
 K - 3 potions of brilliance {unknown}
 P - 2 potions of resistance
 V - 2 potions of haste
 Z - a potion of lignification {unknown}
Comestibles
 c - 6 bread rations
 o - 10 meat rations


   Skills:
 - Level 11.0 Fighting
 + Level 23.3 Axes
 - Level 9.6 Armour
 - Level 7.0 Dodging


You had 16 spell levels left.
You didn't know any spells.

Dungeon Overview and Level Annotations

Branches:
Dungeon (15/15)              Lair (8/8) D:11         Shoals (4/4) Lair:4
 Spider (4/4) Lair:5          Orc (4/4) D:10            Elf (0/3) Orc:3
 Vaults (4/5) D:14
 Temple: D:4-7        Slime: Lair:6-8     Crypt: Vaults:2-3  Depths: D:15

Altars:
Makhleb
Ru
Zin
Beogh
Lugonu

Shops:
D:6 ([([(   D:10 ![!   Orc:4 *=*!(%

Portals:
Trove: D:11 (give +4 fire dragon armour)

Annotations:
D:5 Prince Ribbit
Lair:6 exclusion: oklob plant
Lair:8 exclusion: oklob plant
Shoals:2 exclusion: Roxanne, Roxanne
Orc:1 Fannar
Orc:2 exclusion: upstairs
Orc:4 exclusion: upstairs


Innate Abilities, Weirdness & Mutations

You have razor-sharp toenails.
You are mostly covered in yellow scales (AC +3).
You are mostly covered in sharp spines.
When hurt, damage is shared between your health and your magic reserves.
You regenerate magic rapidly.
You have an increased reservoir of magic (+10% MP).
Your spells are a little harder to cast, but a little more powerful.


Message History

The deep troll claws you!
* * * LOW HITPOINT WARNING * * *
Unknown command.
Unknown command.
Unknown command.
Unknown command.
Unknown command.
Unknown command.
Your plate armour prevents you from hitting the ironheart preserver.
The ironheart preserver is moderately wounded.
You slash the deep troll!
The deep troll is almost dead.
You barely miss the deep troll shaman.
The deep troll shaman is lightly wounded.
You closely miss the deep troll.
The deep troll is severely wounded.
The deep troll shaman bites you.
* * * LOW HITPOINT WARNING * * *
The deep troll shaman claws you!
You die...

#....##..##.##
#....###..###.
####...(# ##.....
#####..#....# ##...#
#...#..#...(#########
#...#.)#.............
#...#))(.........((..
##.Cp#..#...)...(.....
#...T@T.#.........####
#....T..#.........#...
#.......#.........#...
#..#...##.........#...
#.##...##.........#...
#. #...##.........#...
# #...##.........#...
##### ####


You could see an ironheart preserver, a stone giant, 2 deep trolls and a deep
troll shaman.

Vanquished Creatures
  Rupert (Lair:3)
  An ancient champion (Vaults:3)
  Agnes (Spider:4)
  A fire giant (Vaults:4)
  Donald (Spider:3)
  5 vault wardens
  An emperor scorpion (Spider:4)
  2 ghost moths (Spider:4)
  3 ironheart preservers (Vaults:3)
  2 stone giants
  A very ugly thing (D:12)
  2 salamander stormcallers
  A deep elf death mage (Vaults:3)
  2 merfolk javelineers (Shoals:4)
  The ghost of kaze the Nimble, a journeyman TrBe of Trog (D:11)
  2 vault guards (D:14)
  A minotaur (Lab)
  2 yaktaur captains
  An entropy weaver (Spider:2)
  2 merfolk impalers (Shoals:4)
  A catoblepas (Lair:8)
  6 centaur warriors
  A rakshasa (D:14)
  6 hydras
  An alligator snapping turtle (Shoals:3)
  Erica (D:8)
  2 merfolk avatars
  A deep troll shaman (Lair:8)
  Erolcha (D:10)
  3 ogre magi
  A merfolk aquamancer (Shoals:4)
  9 death yaks (Lair:8)
  A deep troll earth mage (Vaults:4)
  Urug (Lair:1)
  4 orc high priests
  Nergalle (Orc:2)
  6 deep trolls
  2 sea snakes
  14 harpies
  4 unseen horrors
  11 hill giants
  9 wolf spiders
  10 orc knights
  7 orb spiders
  A wizard (D:14)
  A deep elf conjurer (Vaults:3)
  2 ironbrand convokers (Vaults:3)
  13 ugly things
  An orb spider (shapeshifter) (D:14)
  A water nymph (Shoals:1)
  6 hornets
  7 griffons
  2 necromancers (D:14)
  5 manticores
  3 orc sorcerers (Orc:4)
  4 vault sentinels
  An elephant (shapeshifter) (Vaults:1)
  7 cyclopes
  Joseph (D:8)
  3 sirens
  5 black mambas
  A torpor snail (Spider:4)
  4 molten gargoyles
  22 yaktaurs
  A kobold demonologist (D:13)
  3 centaur skeletons
  A spiny frog (shapeshifter) (Vaults:3)
  8 spiny frogs
  6 demonic crawlers
  3 komodo dragons
  12 two-headed ogres
  11 jumping spiders
  6 merfolk
  2 trolls
  7 slime creatures (Vaults:1)
  10 blink frogs
  2 boulder beetles
  3 snapping turtles
  7 tarantellas
  Sigmund (D:4)
  10 trapdoor spiders
  A wyvern (D:14)
  26 yaks
  4 deep elf magi
  2 wraiths
  28 redbacks
  2 water elementals
  11 hippogriffs
  3 deep elf fighters (Vaults:3)
  2 basilisks
  Menkaure (D:7)
  21 humans (D:14)
  2 mottled dragons (D:13)
  6 wargs
  20 wolves
  10 vampire mosquitoes
  2 soldier ants (D:13)
  5 water moccasins
  An ice beast (shapeshifter) (D:14)
  38 orc warriors
  4 porcupines
  3 black bears
  9 ice beasts
  19 spiders
  A swamp drake (Orc:3)
  A phantom (D:11)
  13 ogres
  12 centaurs
  9 big kobolds
  6 wasps
  7 crocodiles
  A brain worm (D:12)
  Blork the orc (Orc:3)
  9 giant frogs
  A glowing shapeshifter simulacrum (Vaults:1)
  A wyvern skeleton (D:12)
  A water moccasin skeleton (D:11)
  7 killer bees
  3 scorpions
  6 lava snakes
  3 wights (D:7)
  A quasit (D:11)
  3 crimson imps
  4 jellies
  21 orc priests
  2 iguanas
  A centaur zombie (D:8)
  An iron imp (Orc:3)
  30 orc wizards
  3 hounds
  19 sheep
  5 worker ants
  A killer bee zombie (D:10)
  2 hound zombies
  2 hound skeletons
  Robin (D:4)
  5 gnolls
  12 adders
  41 river rats
  A white imp (Orc:3)
  2 shadow imps
  An ooze (D:3)
  A worm (D:3)
  183 orcs
  2 giant cockroaches
  6 hobgoblins
  A quokka (D:11)
  2 bats
  A giant gecko skeleton (D:4)
  3 giant newts
  8 goblins
  13 jackals
  27 kobolds
  2 rats
  A fire vortex (Vaults:3)
  3 fungi
  17 plants
  A tentacle (Shoals:3)
1050 creatures vanquished.

Vanquished Creatures (collateral kills)
  Saint Roka (Orc:4)
  A ghost moth (Spider:4)
  2 emperor scorpions (Spider:4)
  3 merfolk javelineers (Shoals:4)
  5 merfolk impalers (Shoals:4)
  A hill giant (D:10)
  2 wolf spiders (Spider:4)
  An ugly thing (D:10)
  A demonic crawler (Spider:4)
  A trapdoor spider (Spider:4)
18 creatures vanquished.

Vanquished Creatures (others)
  2 orb spiders (Spider:4)
  A hornet (Spider:4)
  A deep elf mage (Orc:3)
  2 orcs
  3 fungi (Lair:8)
  4 plants
  5 tentacles (Shoals:3)
  119 tentacle segments (Shoals:3)
137 creatures vanquished.

Grand Total: 1205 creatures vanquished

Notes
Turn   | Place    | Note
--------------------------------------------------------------
     0 | D:1      | brucemayne the Demonspawn Berserker began the quest for the Orb.
     0 | D:1      | Reached XP level 1. HP: 18/18 MP: 1/1
    76 | D:2      | Gained mutation: You are partially covered in yellow scales (AC +2). [demonic ancestry]
    76 | D:2      | Reached XP level 2. HP: 16/24 MP: 2/2
   163 | D:3      | Found a sacrificial altar of Ru.
   181 | D:3      | Reached XP level 3. HP: 22/29 MP: 3/3
   186 | D:3      | Reached skill level 4 in Axes
   301 | D:3      | Reached ** piety under Trog
   301 | D:3      | Reached XP level 4. HP: 6/35 MP: 4/4
   382 | D:3      | Reached skill level 5 in Axes
   457 | D:4      | Gained mutation: You are mostly covered in yellow scales (AC +3). [demonic ancestry]
   457 | D:4      | Reached XP level 5. HP: 38/41 MP: 5/5
   515 | D:4      | Noticed Sigmund
   515 | D:4      | Noticed Robin
   542 | D:4      | Killed Robin
   561 | D:4      | Gained mutation: You have an increased reservoir of magic (+10% MP). [potion of beneficial mutation]
   625 | D:4      | Killed Sigmund
   625 | D:4      | Reached skill level 6 in Axes
   625 | D:4      | Reached XP level 6. HP: 47/47 MP: 6/6
   763 | D:5      | Entered Level 5 of the Dungeon
   953 | D:5      | Noticed Prince Ribbit
  1027 | D:6      | Noticed a water moccasin
  1036 | D:6      | Killed a water moccasin
  1036 | D:6      | Reached skill level 7 in Axes
  1036 | D:6      | Gained mutation: You are partially covered in sharp spines. [demonic ancestry]
  1036 | D:6      | Reached XP level 7. HP: 52/52 MP: 7/7
  1076 | D:6      | Found Nyoroarch's Antique Armour Emporium.
  1076 | D:6      | Found Mozaduq's Antique Weapon Shop.
  1117 | D:6      | Found Votegg's Weapon Shop.
  1165 | D:6      | Found Bifank's Antique Armour Shop.
  1170 | D:6      | Gained mutation: You have large cloven feet. [potion of beneficial mutation]
  1271 | D:6      | Reached skill level 8 in Axes
  1309 | D:6      | Found Ciuqex's Weapon Emporium.
  1367 | D:6      | Got a pitted leather armour
  1379 | D:6      | Identified the cursed +0 leather armour "Tyolari" {*Drain Dex+5} (You found it on level 6 of the Dungeon)
  1543 | D:7      | Found a burning altar of Makhleb.
  1597 | D:7      | Reached *** piety under Trog
  1637 | D:7      | Noticed Menkaure
  1651 | D:7      | Killed Menkaure
  1677 | D:7      | Reached skill level 9 in Axes
  1677 | D:7      | Reached XP level 8. HP: 33/58 MP: 8/8
  1860 | D:6      | Bought a twisted war axe for 170 gold pieces
  1860 | D:6      | Identified the +10 war axe of the Seer {drain, Dex+2} (You bought it in a shop on level 6 of the Dungeon)
  2067 | D:9      | Reached skill level 10 in Axes
  2085 | D:10     | Entered Level 10 of the Dungeon
  2086 | D:10     | Found Leaskun's Distillery.
  2212 | D:10     | Noticed Erolcha
  2219 | D:10     | Killed Erolcha
  2219 | D:10     | Reached skill level 11 in Axes
  2219 | D:10     | Gained mutation: You are mostly covered in sharp spines. [demonic ancestry]
  2219 | D:10     | Reached XP level 9. HP: 48/63 MP: 9/9
  2313 | D:10     | Noticed a red ugly thing
  2316 | D:10     | Noticed a hill giant
  2323 | D:10     | Killed a red ugly thing
  2327 | D:10     | Killed a hill giant
  2327 | D:10     | Reached skill level 12 in Axes
  2369 | D:10     | Noticed a rust devil
  2369 | D:10     | Noticed an orange demon
  2369 | D:10     | Noticed a rust devil
  2370 | D:10     | Found a corrupted altar of Lugonu.
  2473 | D:10     | Found a roughly hewn altar of Beogh.
  2473 | D:10     | Found a staircase to the Orcish Mines.
  2473 | D:10     | Noticed an orc knight
  2482 | D:10     | Killed an orc knight
  2519 | D:10     | Reached **** piety under Trog
  2526 | D:10     | Lost mutation: You have large cloven feet. [demonic ancestry]
  2526 | D:10     | Gained mutation: You have sharp toenails. [demonic ancestry]
  2526 | D:10     | Reached XP level 10. HP: 64/73 MP: 11/11
  2546 | D:10     | Reached skill level 5 in Fighting
  2570 | Orc:1    | Entered Level 1 of the Orcish Mines
  2669 | Orc:2    | Noticed an orc knight
  2681 | Orc:2    | Killed an orc knight
  2681 | Orc:2    | Reached skill level 13 in Axes
  2684 | Orc:2    | Reached ***** piety under Trog
  2743 | Orc:1    | Noticed Nergalle
  2774 | Orc:2    | Killed Nergalle
  2921 | Orc:2    | Found a dark tunnel.
  2927 | Volcano  | Entered a volcano
  3077 | Volcano  | Found a bloodstained altar of Trog.
  3077 | Volcano  | Noticed a hill giant
  3077 | Volcano  | Noticed an ogre mage
  3081 | Volcano  | Noticed a hill giant
  3082 | Volcano  | Killed an ogre mage
  3089 | Volcano  | Killed a hill giant
  3089 | Volcano  | Reached XP level 11. HP: 59/86 MP: 12/12
  3092 | Volcano  | Killed a hill giant
  3155 | Volcano  | Noticed a hill giant
  3161 | Volcano  | Killed a hill giant
  3249 | Volcano  | Reached skill level 14 in Axes
  3289 | Orc:2    | Noticed a cyclops
  3316 | Orc:2    | Killed a cyclops
  3346 | Orc:1    | Found a roughly hewn altar of Beogh.
  3346 | Orc:1    | Noticed Fannar
  3434 | Orc:4    | Entered Level 4 of the Orcish Mines
  3586 | Orc:4    | Received a gift from Trog
  3619 | Orc:4    | Found Wugod's Food Boutique.
  3636 | Orc:4    | Noticed Saint Roka
  3741 | Orc:3    | Noticed a stone giant
  3759 | Orc:3    | Killed a stone giant
  3759 | Orc:3    | Reached skill level 5 in Armour
  3839 | Orc:3    | Noticed Blork the orc
  3853 | Orc:3    | Killed Blork the orc
  3983 | Orc:4    | Killed Saint Roka
  3983 | Orc:4    | Gained mutation: You have razor-sharp toenails. [demonic ancestry]
  3983 | Orc:4    | Reached XP level 12. HP: 23/94 MP: 13/13
  4199 | Orc:4    | Reached skill level 15 in Axes
  4342 | Orc:4    | Noticed an orc high priest
  4359 | Orc:4    | Killed an orc high priest
  4369 | Orc:4    | Noticed an orc high priest
  4390 | Orc:4    | Killed an orc high priest
  4457 | Orc:4    | Noticed an orc high priest
  4471 | Orc:4    | Killed an orc high priest
  4475 | Orc:4    | Reached skill level 16 in Axes
  4512 | Orc:4    | Found Gyx Paib's Assorted Antiques.
  4512 | Orc:4    | Found Qyboim's Antique Weapon Shoppe.
  4514 | Orc:4    | Found Fytsucef's Jewellery Shop.
  4514 | Orc:4    | Found Moolyurul's Distillery.
  4528 | Orc:4    | Bought an uncursed ring of poison resistance for 300 gold pieces
  4528 | Orc:4    | Bought the ring of the Three Ships {Dex-2 Slay+4 Stlth-} for 406 gold pieces
  4558 | Orc:4    | Found Fusuucin's Assorted Antiques.
  4861 | Orc:3    | Found a staircase to the Elven Halls.
  5092 | Orc:4    | Bought an ichor-stained battleaxe for 448 gold pieces
  5092 | Orc:4    | Identified the cursed +1 battleaxe of the Snake Pit {flame, rElec rPois rC++ Int-3} (You bought it in a shop on level 4 of the Orcish Mines)
  5214 | D:11     | Noticed kaze's ghost (journeyman TrBe)
  5214 | D:11     | Killed an unseen horror
  5232 | D:11     | Killed kaze's ghost
  5329 | D:11     | Found a portal to a secret trove of treasure.
  5345 | D:11     | Noticed a hill giant
  5351 | D:11     | Killed a hill giant
  5380 | D:11     | Noticed a hill giant
  5382 | D:11     | Received a gift from Trog
  5387 | D:11     | Killed a hill giant
  5517 | D:10     | Found a roughly hewn altar of Beogh.
  5531 | D:10     | Reached XP level 13. HP: 89/99 MP: 14/14
  5533 | D:10     | Reached skill level 17 in Axes
  5656 | D:10     | Noticed a centaur skeleton
  5661 | D:10     | Killed a centaur skeleton
  5788 | D:10     | Found Likatoegg's Armour Boutique.
  5912 | D:9      | Found a burning altar of Makhleb.
  6188 | D:9      | Noticed a three-headed hydra
  6191 | D:9      | Reached ****** piety under Trog
  6193 | D:9      | Killed a one-headed hydra
  6273 | D:9      | Received a gift from Trog
  6631 | D:10     | Found Ifui's Distillery.
  6638 | D:10     | Bought a potion of resistance for 150 gold pieces
  7019 | D:12     | Noticed a purple very ugly thing
  7030 | D:12     | Noticed a centaur warrior
  7032 | D:12     | Killed a purple very ugly thing
  7042 | D:12     | Killed a centaur warrior
  7512 | D:8      | Noticed Erica
  7515 | D:8      | Killed Erica
  7615 | D:7      | Reached skill level 18 in Axes
  7945 | D:8      | Noticed Joseph
  7954 | D:8      | Killed Joseph
  8203 | D:10     | Received a gift from Trog
  8331 | D:11     | Found a staircase to the Lair.
  8336 | Lair:1   | Entered Level 1 of the Lair of Beasts
  8378 | Lair:1   | Found a labyrinth entrance.
  8387 | Lab      | Entered a labyrinth
  9001 | Lab      | Got a faintly glowing chain mail
  9016 | Lab      | Identified the cursed +1 chain mail of Jigsaw {rF+} (You took it off a minotaur in a labyrinth)
  9163 | Lair:1   | Noticed Urug
  9177 | Lair:1   | Killed Urug
  9612 | Lair:3   | Noticed Rupert
  9625 | Lair:3   | Killed Rupert
  9788 | Lair:4   | Found a staircase to the Shoals.
  9801 | Lair:4   | Received a gift from Trog
  9803 | Lair:4   | Reached skill level 19 in Axes
  9888 | Lair:5   | Gained mutation: When hurt, damage is shared between your health and your magic reserves. [demonic ancestry]
  9888 | Lair:5   | Reached XP level 14. HP: 73/106 MP: 15/15
 10138 | Lair:8   | Entered Level 8 of the Lair of Beasts
 10272 | Lair:6   | Received a gift from Trog
 10725 | Lair:8   | Reached skill level 10 in Fighting
 11137 | Lair:5   | Received a gift from Trog
 11430 | Lair:5   | Found a hole to the Spider Nest.
 11461 | Spider:1 | Entered Level 1 of the Spider Nest
 11734 | Spider:4 | Entered Level 4 of the Spider Nest
 11740 | Spider:4 | Noticed Agnes
 11809 | Spider:3 | Reached XP level 15. HP: 66/118 MP: 12/16
 11873 | Spider:4 | Killed Agnes
 12001 | Spider:4 | Noticed a ghost moth
 12010 | Spider:4 | Killed a ghost moth
 12139 | Spider:4 | Noticed an emperor scorpion
 12158 | Spider:4 | Killed an emperor scorpion
 12231 | Spider:4 | Reached skill level 5 in Dodging
 12257 | Spider:4 | Noticed Donald
 12357 | Spider:3 | Killed Donald
 12498 | Spider:4 | Received a gift from Trog
 12499 | Spider:4 | Got a translucent halberd {god gift}
 12605 | Spider:4 | Noticed an emperor scorpion
 12607 | Spider:4 | Noticed a ghost moth
 12613 | Spider:4 | Killed an emperor scorpion
 12615 | Spider:4 | Killed a ghost moth
 12639 | Spider:4 | Noticed a ghost moth
 12642 | Spider:4 | Noticed an emperor scorpion
 12642 | Spider:4 | Killed a ghost moth
 12650 | Spider:4 | Killed an emperor scorpion
 12650 | Spider:4 | Reached skill level 20 in Axes
 12658 | Spider:4 | Got a gossamer rune of Zot
 12936 | Shoals:1 | Entered Level 1 of the Shoals
 12963 | Shoals:2 | Noticed Roxanne
 13238 | Shoals:3 | Noticed a kraken
 13329 | Shoals:3 | Received a gift from Trog
 13341 | Shoals:3 | Gained mutation: Your spells are a little harder to cast, but a little more powerful. [potion of beneficial mutation]
 13362 | Shoals:4 | Entered Level 4 of the Shoals
 13384 | Shoals:4 | Gained mutation: You regenerate magic rapidly. [demonic ancestry]
 13384 | Shoals:4 | Reached XP level 16. HP: 53/125 MP: 5/17
 13643 | Shoals:4 | Reached skill level 21 in Axes
 13647 | Shoals:4 | Got a barnacled rune of Zot
 13980 | Lair:1   | Identified a +5 rod of destruction (9/9) (You took it off a minotaur in a labyrinth)
 14066 | D:13     | Found a glowing silver altar of Zin.
 14485 | D:14     | Received a gift from Trog
 14592 | D:15     | Entered Level 15 of the Dungeon
 15275 | D:15     | Identified a scroll of acquirement
 15424 | D:14     | Received a gift from Trog
 15473 | D:14     | Found a gate to the Vaults.
 15514 | Vaults:1 | Entered Level 1 of the Vaults
 15560 | Vaults:1 | Reached skill level 22 in Axes
 16032 | Vaults:2 | Reached XP level 17. HP: 121/131 MP: 16/18
 16306 | Vaults:3 | Received a gift from Trog
 16510 | Vaults:2 | Reached skill level 23 in Axes
 16722 | Vaults:4 | Received a gift from Trog
 16824 | Vaults:4 | HP: 5/196 [deep troll[an ironheart preserver] (10)]
 16825 | Vaults:4 | HP: 2/196 [deep troll shaman[an ironheart preserver] (3)]
 16825 | Vaults:4 | Mangled by a deep troll shaman

Action                   |  1- 3 |  4- 6 |  7- 9 | 10-12 | 13-15 | 16-18 || total
-------------------------+-------+-------+-------+-------+-------+-------++-------
Melee: Hand axe          |    56 |   123 |    61 |       |       |       ||   240
       War axe           |       |       |    66 |   334 |       |       ||   400
       Battleaxe         |       |       |       |    59 |   848 |   571 ||  1478
Throw: Throwing net      |       |       |       |       |     1 |       ||     1
Invok: Berserk           |     4 |     7 |     5 |    12 |    11 |     5 ||    44
       Trog's Hand       |       |     4 |     4 |    25 |    28 |    17 ||    78
       Brothers in Arms  |       |       |       |     2 |     1 |     3 ||     6
Evoke: Wand              |       |       |       |       |     2 |     3 ||     5
  Use: Potion            |     1 |     3 |     1 |       |     5 |     5 ||    15
       Scroll            |     1 |     3 |     6 |     2 |    11 |     9 ||    32
 Stab: Sleeping          |     2 |       |       |       |       |       ||     2
       Fleeing           |       |       |       |       |     1 |       ||     1
       Distracted        |       |       |       |       |       |     1 ||     1
  Eat: Chunk             |     1 |     8 |     8 |    18 |    18 |     6 ||    59
       Beef jerky        |       |     1 |     1 |       |     1 |     2 ||     5
       Fruit             |       |       |     3 |       |    12 |     2 ||    17
       Pizza             |       |       |       |     1 |     2 |     4 ||     7
       Bread ration      |       |       |       |     2 |     1 |     1 ||     4
       Royal jelly       |       |       |       |       |     2 |       ||     2
